 Dungeon Crawl Stone Soup version 0.23-a0-650-ga4d50d4 (console) character file.

2537 Duffy the Firebug (level 9, 0/62 HPs)
             Began as a Demonspawn Fire Elementalist on Jan 5, 2019.
             Was a Follower of Cheibriados.
             Succumbed to a killer bee's poison
             ... on level 7 of the Dungeon.
             The game lasted 00:07:30 (7811 turns).

Duffy the Firebug (Demonspawn Fire Elementalist)    Turns: 7811, Time: 00:07:31

Health: 0/62       AC:  5    Str: 10    XL:     9   Next: 30%
Magic:  12/18      EV: 14    Int: 21    God:    Cheibriados [*.....]
Gold:   327        SH:  5    Dex: 17    Spells: 7/20 levels left

rFire    . . .     SeeInvis .   t - staff of conjuration
rCold    . . .     Gourm    .   (no shield)
rNeg     . . .     Faith    .   A - +0 robe (curse)
rPois    .         Spirit   .   (no helmet)
rElec    .         Reflect  +   (no cloak)
rCorr    .         Harm     .   (no gloves)
MR       .....                  (no boots)
Stlth    ++........             E - +5 amulet of reflection
HPRegen  0.20/turn              l - +2 ring of slaying
MPRegen  0.16/turn              k - +3 ring of protection

@: lethally poisoned (0 -> -25), very slightly contaminated, very slow
A: claws 2
a: Bend Time, Renounce Religion


You were on level 7 of the Dungeon.
You worshipped Cheibriados.
Cheibriados was aware of your devotion.
You were not hungry.

You visited 2 branches of the dungeon, and saw 8 of its levels.

You collected 327 gold pieces.

Inventory:

Armour
 a - a +0 robe
 e - a +1 pair of gloves
 n - a cursed +0 ring mail
 A - a cursed +0 robe (worn)
Magical Staves
 t - an uncursed staff of conjuration (weapon)
Jewellery
 k - a +3 ring of protection (right claw)
 l - a +2 ring of slaying (left claw)
 o - an uncursed amulet of regeneration
 u - an uncursed ring of flight
 E - a +5 amulet of reflection (around neck)
 F - an uncursed ring of stealth
Wands
 y - a wand of digging (5)
Scrolls
 b - 3 scrolls of immolation {unknown}
 f - a scroll of fog {unknown}
 g - 4 scrolls of remove curse {unknown}
 h - 5 scrolls of teleportation {unknown}
 m - 5 scrolls of identify {unknown}
 q - 2 scrolls of enchant armour {unknown}
 v - 2 scrolls of magic mapping {unknown}
 x - 3 scrolls of fear {unknown}
 z - a scroll of enchant weapon {unknown}
Potions
 d - a potion of agility {unknown}
 i - a potion of resistance {unknown}
 j - 2 potions of cancellation {unknown}
 p - 2 potions of lignification {unknown}
 r - 5 potions of curing {unknown}
 s - a potion of haste {unknown}
 w - a potion of might {unknown}
 C - 2 potions of heal wounds {unknown}
Comestibles
 c - 18 rations
 D - 4 chunks of flesh


   Skills:
 + Level 2.6 Fighting
 + Level 3.2 Dodging
 - Level 1.7 Stealth
 + Level 2.4 Unarmed Combat
 - Level 6.3 Spellcasting
 - Level 6.6 Conjurations
 - Level 6.6 Fire Magic


You had 7 spell levels left.
You knew the following spells:

 Your Spells              Type           Power        Failure   Level  Hunger
h - Flame Tongue          Conj/Fire      #####        1%          1    None
j - Sticky Flame          Conj/Fire      ######..     6%          4    ###....
k - Fireball              Conj/Fire      ######....   17%         5    #####..
l - Conjure Flame         Conj/Fire      ######..     1%          3    #......

Your spell library contained the following spells:

 Spells                   Type           Power        Failure   Level  Hunger
 Throw Flame              Conj/Fire      ######       1%          2    None
 Inner Flame              Hex/Fire       ###.....     7%          3    #......


Dungeon Overview and Level Annotations

Branches:
Dungeon (7/15)             Temple (1/1) D:6

Altars:
Ashenzari
Cheibriados
Dithmenos
Elyvilon
Fedhas
Gozag
Hepliaklqana
Kikubaaqudgha
Makhleb
Nemelex Xobeh
Okawaru
Qazlal
Ru
Sif Muna
Trog
Uskayaw
Vehumet
Wu Jian
Xom
Zin
The Shining One

Shops:
D:6 =


Innate Abilities, Weirdness & Mutations

You have very sharp fingernails.


Message History

Cheibriados raises the support of your attributes as your movement slows.
You feel sick. The killer bee stings you.
Evoke which item? (* to show all) (? for menu, Esc to quit)
Aiming: Disintegrate
Press: ? - help, Shift-Dir - straight line, f - killer bee
Aim: a killer bee (chance to defeat MR: 73%)
The killer bee is blasted.
You feel sick. The killer bee stings you.
You are more poisoned.
The killer bee poisons you! The killer bee stings you!
You are more poisoned.
The killer bee poisons you!
Evoke which item? (* to show all) (? for menu, Esc to quit)
Aiming: Disintegrate
Press: ? - help, Shift-Dir - straight line, f/p - killer bee
Aim: a killer bee (severely wounded, chance to defeat MR: 73%)
The killer bee is blasted.
You blow up the killer bee!
Cheibriados thoroughly appreciates the change of pace.
The now-empty wand crumbles to dust.
You die...

. #######
#####.. #.....#
.......
#.###.#####...##
#.# #.@.yyy....#
#.###.#####...##
#.....# #.##
###)### .# #.# #
#.# #+## #.#
##...## ##.#
##.....## ##..#
##.......##


You could see 3 killer bees.

Vanquished Creatures
  The ghost of OnekoMk1 the Gusty, a novice TeAE (D:4)
  The ghost of confidenceinterval the Stinger, an amateur GnWn of Kikubaaqudgha (D:4)
  Grinder (D:3)
  Sigmund (D:5)
  A water moccasin (D:5)
  2 orc warriors (D:7)
  4 ogres
  3 phantoms
  A centaur (D:6)
  A bullfrog (D:7)
  3 killer bees (D:7)
  A howler monkey (D:6)
  A crimson imp (D:4)
  A bullfrog zombie (D:5)
  A quasit (D:7)
  An orc priest (D:4)
  An orc wizard (D:7)
  2 jellies
  2 iguanas
  4 worker ants
  3 hound skeletons
  2 adders
  2 oozes
  5 worms
  4 dart slugs
  9 leopard geckos
  18 orcs
  A ball python (D:2)
  2 giant cockroaches
  7 goblins
  8 hobgoblins
  10 jackals
  2 quokkas
  5 bats
  5 frilled lizards
  12 kobolds
  A leopard gecko skeleton (D:5)
  6 rats
135 creatures vanquished.

Notes
Turn   | Place    | Note
-------+----------+-------------------------------------------
     0 | D:1      | Duffy the Demonspawn Fire Elementalist began the quest for
                  | the Orb.
     0 | D:1      | Reached XP level 1. HP: 13/13 MP: 3/3
   512 | D:1      | Gained mutation: You have sharp fingernails. [demonic
                  | ancestry]
   512 | D:1      | Reached XP level 2. HP: 16/19 MP: 0/5
  1507 | D:1      | Reached XP level 3. HP: 24/24 MP: 1/6
  1512 | D:1      | Learned a level 3 spell: Conjure Flame
  2547 | D:3      | Gained mutation: You have very sharp fingernails. [demonic
                  | ancestry]
  2547 | D:3      | Reached XP level 4. HP: 13/30 MP: 0/8
  2632 | D:3      | Noticed Grinder
  2817 | D:4      | Learned a level 4 spell: Sticky Flame
  2932 | D:3      | Paralysed by Grinder for 2 turns
  2939 | D:3      | Killed Grinder
  2939 | D:3      | Reached XP level 5. HP: 11/35 MP: 0/10
  2939 | D:3      | Reached XP level 6. HP: 13/41 MP: 0/11
  3617 | D:4      | Found a runed gate.
  3617 | D:4      | Found a runed gate.
  3617 | D:4      | Found a runed gate.
  3618 | D:4      | Noticed confidenceinterval's ghost (amateur GnWn)
  3619 | D:4      | Noticed OnekoMk1's ghost (novice TeAE)
  3669 | D:4      | Killed OnekoMk1's ghost
  3669 | D:4      | Reached XP level 7. HP: 27/46 MP: 0/13
  3743 | D:4      | Killed confidenceinterval's ghost
  3743 | D:4      | Reached skill level 5 in Fire Magic
  3864 | D:4      | Reached skill level 5 in Conjurations
  3942 | D:4      | Found a white marble altar of Elyvilon.
  4335 | D:4      | Reached skill level 5 in Spellcasting
  4406 | D:5      | Entered Level 5 of the Dungeon
  4573 | D:5      | Reached XP level 8. HP: 51/52 MP: 1/15
  4580 | D:5      | Learned a level 5 spell: Fireball
  5061 | D:5      | Noticed Sigmund
  5065 | D:5      | Killed Sigmund
  5702 | D:5      | Found a sparkling altar of Nemelex Xobeh.
  5823 | D:6      | Found a staircase to the Ecumenical Temple.
  5834 | Temple   | Entered the Ecumenical Temple
  6001 | Temple   | Became a worshipper of Cheibriados the Contemplative
  6466 | D:6      | Reached skill level 1 in Fighting
  6466 | D:6      | Reached XP level 9. HP: 51/59 MP: 6/18
  6586 | D:6      | Found Vaaquzof's Jewellery Boutique.
  6709 | D:6      | Reached skill level 1 in Unarmed Combat
  7809 | D:7      | Reached * piety under Cheibriados
  7810 | D:7      | HP: 2/62 [killer bee (8)]
  7811 | D:7      | Succumbed to a killer bee's poison

Vault maps used:
D:1:      dpeg_chamrin_arrival_tetris, minmay_misc_feat_nine_boxes
D:3:      minmay_randomly_rotated_circles, uniq_grinder
D:4:      old_standard_altar, gammafunk_ghost_cemetery, first_ration
D:5:      serial_glass, glass_columns_b, glass_columns_c,
          minmay_misc_feat_rugged, nemelex_dance_club_becter, uniq_sigmund
D:6:      minmay_temple_entry_glass, serial_shops, shop
D:7:      basic_altar
Temple:   regret_index_temple_chain_breaker

Skill      XL: |  1  2  3  4  5  6  7  8  9 |
---------------+----------------------------+-----
Fire Magic     | 3 4 5 6 |  6.6
Conjurations   | 2 3 4 5 6 |  6.6
Spellcasting   | 3 4 5 6 |  6.3
Fighting       | 1 2 |  2.6
Dodging        | 2 3 |  3.2
Unarmed Combat | 2 |  2.4
Stealth        | |  1.7

Action                   |  1- 3 |  4- 6 |  7- 9 || total
-------------------------+-------+-------+-------++-------
Melee: Unarmed           |    50 |    24 |    87 ||   161
       Staff             |       |       |     1 ||     1
 Cast: Flame Tongue      |    76 |    64 |   170 ||   310
       Sticky Flame      |       |     1 |    12 ||    13
       Conjure Flame     |       |     1 |       ||     1
Evoke: Wand              |       |       |     5 ||     5
  Eat: Chunk             |     6 |     3 |     9 ||    18
       Ration            |       |       |     2 ||     2
Armor: Robe              |    18 |     5 |    44 ||    67
Dodge: Dodged            |    52 |    24 |    81 ||   157
Block: Other             |       |       |     7 ||     7

Table legend:
 A = Non-vault XP
 B = Vault XP
 C = Vault XP percentage of total XP
 D = Non-vault monster count
 E = Vault monster count
 F = Vault count percentage of total count
                 A         B        C        D         E       F
            +---------+---------+-------+---------+---------+-------
      Total |    2392 |    1233 |  34.0 |     123 |      12 |   8.9
            +---------+---------+-------+---------+---------+-------
        D:1 |      43 |       0 |   0.0 |      23 |       0 |   0.0
        D:2 |      26 |       0 |   0.0 |      12 |       0 |   0.0
        D:3 |      59 |     288 |  83.0 |      15 |       7 |  31.8
        D:4 |     250 |     605 |  70.8 |      26 |       2 |   7.1
        D:5 |     808 |     340 |  29.6 |      25 |       3 |  10.7
        D:6 |     475 |       0 |   0.0 |       6 |       0 |   0.0
        D:7 |     731 |       0 |   0.0 |      16 |       0 |   0.0
            +---------+---------+-------+---------+---------+-------
